 Dungeon Crawl Stone Soup version 0.19.0-20-gbc5f0c6 (webtiles) character file.

57 KarmaPolice the Charmwright (level 3, -3/27 HPs)
             Began as a Vampire Skald on Nov 17, 2016.
             Slain by Natasha (8 damage)
             ... on level 2 of the Dungeon.
             The game lasted 00:04:21 (3340 turns).

KarmaPolice the Charmwright (Vampire Skald)         Turns: 3340, Time: 00:04:22

Health: -3/27      AC:  4    Str: 11    XL:     3   Next: 73%
Magic:  0/6        EV: 11    Int: 14    God:
Gold:   79         SH:  0    Dex: 14    Spells: 3 memorised, 1 level left

rFire  . . .     SeeInvis +     a - +0 falchion
rCold  + . .     Gourm    .     b - +0 leather armour
rNeg   + + .     Faith    .     (no shield)
rPois  +         Spirit   .     (no helmet)
rElec  .         Reflect  .     g - +0 cloak
rCorr  .         Harm     .     (no gloves)
MR     .....                    (no boots)
Stlth  ++........               (no amulet)
                                (no ring)
                                (no ring)

@: infused, regenerating slowly
A: fangs 3, see invisible, unbreathing
a: Bat Form


You were on level 2 of the Dungeon.
You were very thirsty.

You visited 1 branch of the dungeon, and saw 2 of its levels.

You collected 79 gold pieces.

Inventory:

Hand Weapons
 a - a +0 falchion (weapon)
Missiles
 i - a throwing net (quivered)
Armour
 b - a +0 leather armour (worn)
 g - a +0 cloak (worn)
Scrolls
 e - a scroll of teleportation {unknown}
 f - a scroll of recharging {unknown}
 h - a scroll of identify {unknown}
Potions
 d - a potion of blood
 j - a potion of agility {unknown}
 k - 3 potions of degeneration {unknown}
Books
 c - a book of Battle

   Spells                             Type                      Level
   a - Infusion                       Charms                       1
   b - Shroud of Golubria             Charms/Translocation         2
   c - Song of Slaying                Charms                       2
   d - Spectral Weapon                Hexes/Charms                 3
   e - Regeneration                   Charms/Necromancy            3


   Skills:
 + Level 2.2 Fighting
 + Level 2.8 Long Blades
 - Level 0.7 Armour
 - Level 1.1 Dodging
 - Level 2.3 Spellcasting
 + Level 3.9 Charms


You had one spell level left.
You knew the following spells:

 Your Spells              Type           Power        Failure   Level  Hunger
a - Infusion              Chrm           ##..         8%          1    #......
b - Shroud of Golubria    Chrm/Tloc      #.........   21%         2    ###....
c - Song of Slaying       Chrm           ##......     10%         2    ###....


Dungeon Overview and Level Annotations

Branches:
Dungeon (2/15)

Altars:

Annotations:
D:2 Natasha, Robin


Innate Abilities, Weirdness & Mutations

You heal slowly.
You have razor-sharp teeth.
You have supernaturally acute eyesight. (SInv)
You can survive without breathing.


Message History

Natasha drinks a potion.
Natasha flickers and vanishes for a moment.
Natasha stares at you and mumbles some strange words.
The magic dart hits you!
You closely miss Natasha. Natasha barely misses you.
You hit Natasha.
Natasha is moderately wounded.
Natasha claws you.
Your shroud falls apart!
You closely miss Natasha.
Natasha is moderately wounded.
Natasha barely misses you.
You riposte.
You hit Natasha.
Natasha is moderately wounded.
Natasha claws you.
* * * LOW HITPOINT WARNING * * *
You are too injured to fight recklessly!
You completely miss Natasha.
Natasha is moderately wounded.
Natasha claws you!
You die...

#. ##
######.#.######.#
#.# ## ##..#..#
#.# ##.. .#
##.#.#.########.#
...#. ##<#....
#....... # #...
##.#.#.# #.####.#
#.##.###.##### #
#.# #........# >#
#.. #........##
#.# ##.
##.#.####@###..#
#. #
#.##...h....# #.
#.##.#......# #.
#.♣♣.♣♣?....# #)
#>♣♣ ♣.....# ..
#♣♣ ♣♣....# ...
♣##.# ###. .# #.
# #.


You could see Natasha (invisible).

Vanquished Creatures
  3 adders
  A dart slug (D:1)
  An orc (D:2)
  2 giant cockroaches (D:1)
  7 hobgoblins
  A frilled lizard (D:1)
  5 goblins
  3 kobolds (D:1)
  4 rats
27 creatures vanquished.

Notes
Turn   | Place    | Note
-------+----------+-------------------------------------------
     0 | D:1      | KarmaPolice the Vampire Skald began the quest for the Orb.
     0 | D:1      | Reached XP level 1. HP: 16/16 MP: 3/3
  1064 | D:1      | Reached XP level 2. HP: 17/22 MP: 0/5
  1068 | D:1      | Learned a level 2 spell: Shroud of Golubria
  1071 | D:1      | Learned a level 2 spell: Song of Slaying
  2873 | D:1      | Reached XP level 3. HP: 20/27 MP: 4/6
  3089 | D:2      | Noticed Robin
  3326 | D:2      | Noticed Natasha
  3340 | D:2      | Slain by Natasha

Skill      XL: |  1 |
---------------+----+-----
Fighting       | 2 |  2.2
Long Blades    | |  2.8
Armour         | |  0.7
Dodging        | |  1.1
Spellcasting   | |  2.3
Charms         | |  3.9

Action                   || total
-------------------------++-------
Melee: Falchion          ||   121
       Bite              ||     6
       Unarmed           ||     3
 Cast: Infusion          ||     6
       Shroud of Golubri ||     2
 Abil: End Transformatio ||     3
       Bat Form          ||     3
  Use: Potion            ||     1
 Stab: Sleeping          ||     2
  Eat: Corpse            ||     3
Armor: Leather armour    ||    33
Dodge: Dodged            ||    93
       Rpst.: Falchion   ||    18
